Map: Ulrena

Players

ILLBdA - Winner!

  • Race: Protoss Protoss
  • League: Diamond

Kajis

  • Race: Terran Terran
  • League: Diamond

VOD

Have the link to the VOD?

Description

Time

  • Played on: Dec. 17, 2015, 6:44 a.m.
  • Length: 2:31
Show
View Real Time Build Order
Export as new Build Order

ILLBdA Protoss - Winner!

Build Orders:  

Get SALT Encoding   

  12  0:01  Probe (Chrono Boost)  
  13  0:12  Probe (Chrono Boost)  
  14  0:19  Pylon  
  14  0:26  Probe (Chrono Boost)  
  15  0:33  Pylon  
  15  0:38  Probe (Chrono Boost)  
  16  0:52  Gateway  
  16  1:01  Gateway  
  17  1:04  Probe (Chrono Boost)  
  17  1:14  Probe (Chrono Boost)  
  17  1:17  Assimilator  
  18  1:25  Probe (Chrono Boost)  
  19  1:36  Probe (Chrono Boost)  
  20  1:41  Cybernetics Core  
  20  1:43  Zealot (Chrono Boost)  
  22  1:48  Zealot (Chrono Boost)  
  22  1:51  Pylon  
  24  2:00  Pylon  
  28  2:26  Pylon  
Show
View Real Time Build Order
Export as new Build Order

Kajis Terran 

Build Orders:  

Get SALT Encoding   

  12  0:00  SCV  
  13  0:12  SCV  
  14  0:18  Supply Depot  
  14  0:24  SCV  
  14  0:28  Refinery  
  15  0:39  SCV  
  16  0:45  Barracks  
  16  0:51  SCV  
  17  1:03  SCV  
  18  1:15  SCV  
  19  1:28  SCV  
  19  1:30  Refinery  
  19  1:32  Factory  
  20  1:38  Supply Depot  
  20  1:40  Orbital Command  
  20  1:48  Barracks Reactor  
  20  2:05  SCV  
  20  2:18  Factory Tech Lab  
Tags
 
Matchup
PvT
Replay Pack
me
Add a new tag
Caveats
  • Supply blocks, unpowered buildings, or Contaminate may cause inaccurate times.
  • Supply counts are checked every 10 seconds.